 Dungeon Crawl Stone Soup version 0.19.4-9-g45fd643 (webtiles) character file.

109 Squonk the Sneak (level 4, -4/18 HPs)
             Began as a Vine Stalker Enchanter on Feb 16, 2017.
             Slain by an adder (5 damage)
             ... on level 3 of the Dungeon.
             The game lasted 00:06:50 (1573 turns).

Squonk the Sneak (Vine Stalker Enchanter)           Turns: 1573, Time: 00:06:52

Health: -4/18      AC:  4    Str:  7 (10) XL:     4   Next: 89%
Magic:  0/8        EV: 12    Int: 15      God:
Gold:   109        SH:  0    Dex: 15 (16) Spells: 2 memorised, 5 levels left

rFire  . . .     SeeInvis .     a - +1 dagger
rCold  . . .     Gourm    .     b - +1 robe
rNeg   . . .     Faith    .     (no shield)
rPois  .         Spirit   +     (no helmet)
rElec  .         Reflect  .     e - +0 cloak
rCorr  .         Harm     .     (no gloves)
MR     .....                    (no boots)
Stlth  +++.......               (no amulet)
                                (no ring)
                                (no ring)

@: lethally poisoned (-4 -> -8), very slightly contaminated
A: fangs 2, frail 1, regeneration 1, screaming 1, wild magic 1, magic shield,
antimagic bite, no device heal 3, rot immunity
a: no special abilities


You were on level 3 of the Dungeon.
You were hungry.

You visited 1 branch of the dungeon, and saw 3 of its levels.

You collected 109 gold pieces.

Inventory:

Hand Weapons
 a - a +1 dagger (weapon)
Armour
 b - a +1 robe (worn)
 e - a +0 cloak (worn)
Wands
 s - a wand of random effects (10/48)
Scrolls
 f - a scroll of noise {unknown}
 g - 4 scrolls of remove curse
 i - 2 scrolls of fear {unknown}
 j - a scroll of immolation {unknown}
 l - a scroll of recharging
 m - a scroll of amnesia {unknown}
 o - a scroll of teleportation {unknown}
 q - a scroll of magic mapping {unknown}
Potions
 k - a potion of haste
 n - a potion of berserk rage
Books
 c - a book of Maledictions

   Spells                             Type                      Level
   a - Corona                         Hexes                        1
   b - Ensorcelled Hibernation        Hexes/Ice                    2
   c - Confuse                        Hexes                        3
   d - Tukima's Dance                 Hexes                        3
   e - Dazzling Spray                 Conjuration/Hexes            3
Comestibles
 d - 4 bread rations
 r - 2 meat rations


   Skills:
 + Level 0.5 Fighting
 + Level 1.3 Short Blades
 + Level 1.8 Dodging
 + Level 4.5 Stealth
 + Level 2.6 Spellcasting
 * Level 4.0 Hexes
 + Level 1.1 Ice Magic


You had 5 spell levels left.
You knew the following spells:

 Your Spells              Type           Power        Failure   Level  Hunger
a - Corona                Hex            ###....      8%          1    #......
b - Ensorcelled Hibernat  Hex/Ice        ##....       17%         2    ###....


Dungeon Overview and Level Annotations

Branches:
Dungeon (3/15)

Altars:


Innate Abilities, Weirdness & Mutations

You have extremely sharp teeth.
Your natural rate of healing is unusually fast.
When hurt, damage is shared between your health and your magic reserves.
Your bite disrupts and absorbs the magic of your enemies.
Potions and wands cannot restore your health.
You are immune to rotting.
You are frail. (-10% HP)
You occasionally shout uncontrollably at your foes.
Your spells are a little harder to cast, but a little more powerful.


Message History

You barely miss the adder.
The adder is heavily wounded.
The adder bites you.
* * * LOW HITPOINT WARNING * * *
You are poisoned.
The adder poisons you!
You hit the adder.
The adder is almost dead.
You feel sick. The adder bites you.
* * * LOW HITPOINT WARNING * * *
You are more poisoned.
The adder poisons you!
It was a potion of mutation.
You feel extremely strange.
You feel the urge to shout.
You feel less in control of your magic.
You feel frail. The adder bites you.
* * * LOW HITPOINT WARNING * * *
You are more poisoned.
The adder poisons you! The adder bites you.
You die...

##########
#.†...@S.#
#.######.# #
#.# #
#..##.#.####
.......<...#
..$...#.##<#
#...#.#.##.#
... . #.#...
## ##
#......


You could see an adder.

Vanquished Creatures
  Ijyb (D:2)
  3 adders
  2 worms (D:2)
  A dart slug (D:1)
  3 leopard geckos
  6 bats
  5 goblins
  3 hobgoblins
  2 jackals (D:1)
  2 quokkas (D:2)
  2 ball pythons (D:1)
  4 frilled lizards
  6 kobolds
  12 rats
52 creatures vanquished.

Notes
Turn   | Place    | Note
-------+----------+-------------------------------------------
     0 | D:1      | Squonk the Vine Stalker Enchanter began the quest for the Orb.
     0 | D:1      | Reached XP level 1. HP: 9/9 MP: 4/4
   135 | D:1      | Reached skill level 1 in Short Blades
   139 | D:1      | Reached XP level 2. HP: 4/13 MP: 1/6
   143 | D:1      | Learned a level 2 spell: Ensorcelled Hibernation
   458 | D:1      | Reached XP level 3. HP: 16/16 MP: 7/7
   896 | D:2      | Noticed Ijyb
   899 | D:2      | Killed Ijyb
   899 | D:2      | Reached skill level 1 in Ice Magic
   899 | D:2      | Gained mutation: Your natural rate of healing is unusually fast. [Vine Stalker growth]
   899 | D:2      | Reached XP level 4. HP: 13/21 MP: 4/8
  1573 | D:3      | Gained mutation: You occasionally shout uncontrollably at your foes. [potion of mutation]
  1573 | D:3      | Gained mutation: Your spells are a little harder to cast, but a little more powerful. [potion of mutation]
  1573 | D:3      | Gained mutation: You are frail. (-10% HP) [potion of mutation]
  1573 | D:3      | Slain by an adder

Skill      XL: |  1  2  3  4 |
---------------+-------------+-----
Short Blades   | 1 |  1.3
Stealth        | 4 |  4.5
Ice Magic      | 1 |  1.1
Hexes          | 4 |  4.0
Fighting       | |  0.5
Dodging        | |  1.8
Spellcasting   | |  2.6

Action                   |  1- 3 |  4- 6 || total
-------------------------+-------+-------++-------
Melee: Dagger            |    69 |    56 ||   125
       Bite              |     8 |     8 ||    16
 Cast: Corona            |     3 |     1 ||     4
       Ensorcelled Hiber |    16 |    12 ||    28
  Use: Scroll            |     3 |       ||     3
       Potion            |       |     7 ||     7
 Stab: Sleeping          |    20 |    13 ||    33
  Eat: Pizza             |       |     2 ||     2
       Chunk             |       |     1 ||     1
Armor: Robe              |    17 |    12 ||    29
Dodge: Dodged            |    50 |    20 ||    70
